 Dungeon Crawl Stone Soup version 0.18.1-50-g88ac8fd (webtiles) character file.

2097 tyranidshit the Fighter (level 9, -1/97 HPs)
             Began as a Deep Dwarf Fighter on Sept 22, 2016.
             Was a Follower of Makhleb.
             Slain by an orc warrior
             ... wielding a +0 trident
              (13 damage)
             ... in a bailey.
             The game lasted 00:13:56 (4790 turns).

tyranidshit the Fighter (Deep Dwarf Fighter)        Turns: 4790, Time: 00:13:56

Health: -1/97      AC: 12    Str: 28    XL:     9   Next: 7%
Magic:  8/8        EV:  9    Int:  9    God:    Makhleb [*.....]
Gold:   297        SH: 14    Dex: 12    Spells: 0 memorised, 8 levels left

rFire  . . .     SeeInvis .     a - +1 war axe
rCold  . . .     Gourm    .     g - +0 chain mail
rNeg   . . .     Faith    .     c - +0 shield
rPois  .         Spirit   .     (no helmet)
rElec  .         Dismiss  .     u - +2 cloak
rCorr  .         Reflect  +     (no gloves)
SustAt .         Harm     .     (no boots)
MR     +....                    f - +4 amulet of reflection
Stlth  ..........               (no ring)
                                x - +3 ring of evasion

@: mighty, non-regenerating, somewhat resistant to hostile enchantments,
extremely unstealthy
A: damage resistance, recharge devices, sense surroundings 2, slow regeneration
3
a: Device Recharging, Renounce Religion


You were in a bailey.
You worshipped Makhleb.
Makhleb was aware of your devotion.
You were not hungry.

You visited 2 branches of the dungeon, and saw 8 of its levels.
You also visited: Bailey.

You collected 423 gold pieces.
You spent 126 gold pieces at shops.

Inventory:

Hand Weapons
 a - a +1 war axe (weapon)
Missiles
 m - a throwing net (quivered)
Armour
 c - a +0 shield (worn)
 g - a +0 chain mail (worn)
 u - a +2 cloak (worn)
Jewellery
 f - a +4 amulet of reflection (around neck)
 l - an uncursed amulet of faith
 v - an uncursed ring of loudness
 x - a +3 ring of evasion (left hand)
Wands
 e - a wand of heal wounds (1/9)
Scrolls
 b - 4 scrolls of identify
 i - 3 scrolls of remove curse
 k - a scroll of magic mapping
 n - a scroll of blinking
 s - a scroll of amnesia
Potions
 d - a potion of might
 h - a potion of curing
 w - a potion of agility
Books
 p - a book of Clouds

   Spells                             Type                      Level
   a - Mephitic Cloud                 Conjuration/Poison/Air       3
   b - Conjure Flame                  Conjuration/Fire             3
   c - Poisonous Cloud                Conjuration/Poison/Air       6
   d - Freezing Cloud                 Conjuration/Ice/Air          6
   e - Ring of Flames                 Charms/Fire                  7
Comestibles
 j - a meat ration
 o - 4 bread rations
 q - a beef jerky
 r - 2 royal jellies
 t - a slice of pizza


   Skills:
 - Level 11.0 Fighting
 + Level 2.5 Axes
 + Level 3.5 Armour
 - Level 3.2 Shields


You had 8 spell levels left.
You didn't know any spells.

Dungeon Overview and Level Annotations

Branches:
Dungeon (7/15)             Temple (1/1) D:6

Altars:
Ashenzari
Cheibriados
Dithmenos
Elyvilon
Fedhas
Gozag
Kikubaaqudgha
Makhleb
Nemelex Xobeh
Okawaru
Pakellas
Qazlal
Ru
Sif Muna
Trog
Vehumet
Xom
Yredelemnul
Zin
The Shining One

Shops:
D:4 ?%([:

Annotations:
D:3 1 runed door


Innate Abilities, Weirdness & Mutations

You are resistant to damage.
You can recharge devices by infusing magical energy.
You passively map the area around you.
You do not regenerate naturally.


Message History

You block the orc's attack. The orc warrior closely misses you.
You block the orc warrior's attack. The orc barely misses you.
The orc completely misses you. The orc hits you but does no damage. x2
The orc warrior hits you but does no damage.
The orc hits you with a halberd.
* * * LOW HITPOINT WARNING * * *
The orc warrior hits you but does no damage.
The orc hits you from afar with a trident.
* * * LOW HITPOINT WARNING * * *
You closely miss the orc warrior.
The orc warrior is moderately wounded.
You hit the orc but do no damage.
Your shield and chain mail prevent you from hitting the orc.
The orc is severely wounded.
You block the orc's attack.
The orc hits you from afar with a trident.
* * * LOW HITPOINT WARNING * * *
You block the orc's attack. x2
The orc warrior hits you from afar with a trident!
You die...

########### ###### *
.∩........## *#.....#* *
..)........######oo.....
,
)))........#....#oo.....
.))).......'....@oo.....
,,+
.))).......#....#oo.....+
+
...........######oo.....
, , , .∩........##
#.....#* * * ###########
######


You could see 2 orc warriors and 8 orcs.

Vanquished Creatures
  Grinder (D:3)
  Edmund (D:4)
  An ice beast (D:6)
  An ogre (D:4)
  2 giant frogs (D:7)
  2 scorpions (D:4)
  A wyvern skeleton (D:6)
  5 wights (D:6)
  A howler monkey (D:6)
  A giant frog zombie (D:5)
  A hound (D:6)
  4 orc priests
  3 jellies
  4 orc wizards (D:7)
  2 iguanas
  5 worker ants
  3 hound skeletons
  Robin (D:4)
  12 gnolls
  13 adders
  An adder zombie (D:3)
  2 dart slugs (D:2)
  3 giant geckos
  36 orcs
  4 giant cockroaches
  16 goblins
  9 hobgoblins
  12 jackals
  3 quokkas
  A ball python (D:6)
  7 bats
  7 giant newts
  6 kobolds
  8 rats
179 creatures vanquished.

Vanquished Creatures (others)
  A centaur (D:6)
  2 goblins (D:4)
3 creatures vanquished.

Grand Total: 182 creatures vanquished

Notes
Turn   | Place    | Note
--------------------------------------------------------------
     0 | D:1      | tyranidshit the Deep Dwarf Fighter began the quest for the Orb.
     0 | D:1      | Reached XP level 1. HP: 20/20 MP: 1/1
   107 | D:1      | Reached skill level 3 in Fighting
   113 | D:1      | Reached XP level 2. HP: 26/28 MP: 2/2
   505 | D:2      | Reached XP level 3. HP: 21/36 MP: 3/3
   506 | D:2      | Reached skill level 4 in Fighting
   577 | D:2      | Reached XP level 4. HP: 40/45 MP: 4/4
   607 | D:2      | Found a burning altar of Makhleb.
  1469 | D:3      | Found a glowing golden altar of the Shining One.
  1469 | D:3      | Found a runed door.
  1469 | D:3      | Noticed an angel
  1694 | D:3      | Reached skill level 5 in Fighting
  1759 | D:3      | Reached XP level 5. HP: 32/52 MP: 5/5
  2346 | D:4      | Noticed Edmund
  2346 | D:4      | Noticed Grinder
  2366 | D:3      | Reached skill level 6 in Fighting
  2435 | D:4      | Reached XP level 6. HP: 42/62 MP: 6/6
  2447 | D:4      | Found Muil's Book Boutique.
  2454 | D:4      | Noticed Robin
  2461 | D:4      | Killed Robin
  2533 | D:4      | Found an iron altar of Okawaru.
  2634 | D:4      | Paralysed by Grinder for 2 turns
  2685 | D:3      | Killed Grinder
  2685 | D:3      | Reached skill level 7 in Fighting
  2685 | D:3      | Reached XP level 7. HP: 25/73 MP: 7/7
  2715 | D:4      | Killed Edmund
  2715 | D:4      | Reached skill level 8 in Fighting
  2835 | D:4      | Found Riggonaz's Antique Armour Boutique.
  2838 | D:4      | Bought an embroidered cloak for 126 gold pieces
  2989 | D:4      | Found Azxaelam's Antique Weapon Shoppe.
  2992 | D:4      | Found Jiess's Food Boutique.
  3023 | D:4      | Found Muamin's Magic Scroll Shoppe.
  3125 | D:4      | Found a deep blue altar of Sif Muna.
  3207 | D:5      | Entered Level 5 of the Dungeon
  3342 | D:5      | Reached XP level 8. HP: 41/84 MP: 8/8
  3347 | D:5      | Reached skill level 9 in Fighting
  3897 | D:6      | Reached skill level 10 in Fighting
  4429 | D:6      | Found a staircase to the Ecumenical Temple.
  4442 | Temple   | Entered the Ecumenical Temple
  4467 | Temple   | Became a worshipper of Makhleb the Destroyer
  4666 | D:7      | Found a flagged portal.
  4681 | D:7      | Reached skill level 11 in Fighting
  4681 | D:7      | Gained mutation: You passively map the area around you. [Deep Dwarf growth]
  4681 | D:7      | Reached XP level 9. HP: 45/97 MP: 8/8
  4700 | Bailey   | Entered a bailey
  4732 | Bailey   | Reached * piety under Makhleb
  4790 | Bailey   | Slain by an orc warrior

Skill      XL: |  1  2  3  4  5  6  7  8 |
---------------+-------------------------+-----
Fighting       | 3 4 5 6 7 8 11 | 11.0
Axes           | |  2.5
Armour         | |  3.5
Shields        | |  3.2

Action                   |  1- 3 |  4- 6 |  7- 9 || total
-------------------------+-------+-------+-------++-------
Melee: War axe           |    73 |   319 |   246 ||   638
 Abil: Device Recharging |       |       |     1 ||     1
Evoke: Wand              |       |     5 |     8 ||    13
  Use: Scroll            |     3 |     3 |     8 ||    14
       Potion            |     3 |     2 |     5 ||    10
  Eat: Bread ration      |       |     1 |       ||     1
       Meat ration       |       |     1 |     1 ||     2
Armor: Scale mail        |    41 |       |       ||    41
       Chain mail        |    12 |   210 |   173 ||   395
Dodge: Dodged            |    27 |    72 |    90 ||   189
Block: Shield            |    49 |   226 |   290 ||   565
       Reflection        |       |     8 |     4 ||    12
